 Dungeon Crawl Stone Soup version 0.17-a0-2127-g1cb09f6 (webtiles) character file.

3810 pk666 the Cleaver (level 9, 0/89 HPs)
             Began as a Minotaur Berserker on Oct 23, 2015.
             Was a High Priest of Trog.
             Slain by a demonic crawler (12 damage)
             ... on level 1 of the Abyss on Oct 24, 2015.
             The game lasted 00:21:10 (9203 turns).

pk666 the Cleaver (Minotaur Berserker)              Turns: 9203, Time: 00:21:10

Health: 0/89       AC:  5    Str: 28    XL:     9   Next: 96%
Magic:  8/8        EV: 12    Int:  8    God:    Trog [*****.]
Gold:   333        SH:  0    Dex: 13    Spells: 0 memorised, 8 levels left

rFire  + . .     SeeInvis .     a - +1 war axe
rCold  . . .     Clarity  .     F - +0 leather armour of Absolutism {+Inv Str+4 Dex+2}
rNeg   . . .     SustAt   .     (no shield)
rPois  .         Gourm    .     (helmet restricted)
rElec  .         Spirit   .     (no cloak)
rCorr  .         Warding  .     (no gloves)
rMut   .         Stasis   .     B - +0 pair of boots
MR     .....                    (no amulet)
Stlth  +.........               C - +4 ring of intelligence
                                o - ring of protection from fire (curse)

@: not resistant to hostile enchantments, very unstealthy
A: retaliatory headbutt, horns 2
a: Berserk, Trog's Hand, Brothers in Arms, Burn Spellbooks, Renounce Religion,
Evoke Invisibility


You were on level 1 of the Abyss.
You worshipped Trog.
Trog was extremely pleased with you.
You were hungry.

You visited 2 branches of the dungeon, and saw 9 of its levels.
You visited the Abyss 1 time.
You also visited: Sewer.

You collected 333 gold pieces.

Inventory:

Hand Weapons
 a - a +1 war axe (weapon)
Armour
 b - a +0 chain mail
 n - a troll hide {Purgy}
 s - a +1 ring mail
 B - a +0 pair of boots (worn)
 F - the +0 leather armour of Absolutism (worn) {+Inv Str+4 Dex+2}
   (You found it on level 6 of the Dungeon)

   It affects your strength (+4).
   It affects your dexterity (+2).
   It lets you turn invisible.
 Q - the +3 pair of boots of the Good {Dex+3, unknown}
   (You found it on level 1 of the Abyss)

   It affects your dexterity (+3).
Jewellery
 o - a cursed ring of protection from fire (left hand)
 C - a +4 ring of intelligence (right hand)
 I - a +5 ring of protection {unknown}
Wands
 g - a wand of confusion (16)
 y - a wand of frost (26)
 G - a wand of lightning (5)
 H - a wand of frost (20)
 L - a wand of magic darts (9)
Scrolls
 e - 8 scrolls of identify
 m - 5 scrolls of teleportation {unknown}
 t - a scroll of enchant weapon
 u - a scroll of blinking {unknown}
 v - a scroll of enchant armour
 x - 4 scrolls of magic mapping
 A - a scroll of immolation {unknown}
 D - 3 scrolls of remove curse
 J - 2 scrolls of fear
 M - a scroll of recharging {unknown}
Potions
 h - a potion of degeneration {unknown}
 i - a potion of might {unknown}
 k - 4 potions of heal wounds {unknown}
 l - a potion of magic {unknown}
 p - 3 potions of ambrosia
 q - 2 potions of haste {unknown}
 w - 3 potions of agility {unknown}
 E - 3 potions of curing {unknown}
 K - a potion of berserk rage {unknown}
 N - a potion of brilliance {unknown}
 O - a potion of lignification {unknown}
 P - a potion of invisibility {unknown}
Books
 z - a book of Changes

   Spells                             Type                      Level
   a - Beastly Appendage              Transmutation                1
   b - Sticks to Snakes               Transmutation                2
   c - Spider Form                    Transmutation/Poison         3
   d - Ice Form                       Ice/Transmutation            4
   e - Blade Hands                    Transmutation                5
   Trog disapproves of the use of such an item.
Comestibles
 c - 5 bread rations
 d - 2 slices of pizza
 f - 4 beef jerkies
 j - a meat ration
 r - 9 fruits


   Skills:
 * Level 11.2 Fighting
 * Level 11.3 Axes
 + Level 8.0 Armour
 - Level 2.1 Dodging


You had 8 spell levels left.
You didn't know any spells.

Dungeon Overview and Level Annotations

Branches:
Dungeon (8/15)             Temple (1/1) D:6            Lair (0/8) D:8

Altars:
Ashenzari
Cheibriados
Dithmenos
Elyvilon
Fedhas
Gozag
Kikubaaqudgha
Makhleb
Nemelex Xobeh
Okawaru
Qazlal
Ru
Trog
Vehumet
Xom
Yredelemnul
Zin
The Shining One

Shops:
D:4 (   D:6 =   D:7 }


Innate Abilities, Weirdness & Mutations

You reflexively headbutt those who attack you in melee.
You have a pair of horns on your head.


Message History

The small abomination hits you.
* * * LOW HITPOINT WARNING * * *
You are too injured to fight recklessly!
You are too injured to fight recklessly!
You are too injured to fight recklessly!
A demonic crawler comes into view.
The demonic crawler gives a hideous shriek!
The demonic crawler barely misses you. The demonic crawler hits you.
* * * LOW HITPOINT WARNING * * *
The demonic crawler hits you.
* * * LOW HITPOINT WARNING * * *
The demonic crawler hits you.
* * * LOW HITPOINT WARNING * * *
The demonic crawler barely misses you. The demonic crawler hits you.
* * * LOW HITPOINT WARNING * * *
Found a sedimented sapphire potion.
The demonic crawler hits you.
* * * LOW HITPOINT WARNING * * *
The demonic crawler hits you!
You die...

.. .. # # . ## #.
.#.#### ## . #.#.##.
##..#.## ##
#..##..###...#..#
##...###...##.#...##...#
#......@s# ###.###..#...
##.####.#.##..## ##. .##
#.#.###.# #.#...
#.#.x..#.# #.#...
#.....#......##..# .
...........### .#.#..
###..#..#.#.##.# ##.#
#.#...#..##...... #
#..######## ...†.. #


You could see a demonic crawler.

Vanquished Creatures
  A shadow (Abyss:1)
  2 hungry ghosts (D:8)
  A hippogriff (D:7)
  2 orc warriors
  Purgy (Sewer)
  2 centaurs
  A sky beast (Abyss:1)
  3 phantoms
  4 ogres
  Blork the orc (D:4)
  A wyvern zombie (D:7)
  3 giant frogs
  3 killer bees (D:8)
  A scorpion (D:4)
  4 wights (D:6)
  A quasit (D:6)
  3 crimson imps
  5 giant frog skeletons
  4 orc priests
  7 orc wizards
  Jessica (D:3)
  Terence (D:2)
  4 hounds
  A centaur skeleton (D:7)
  An iron imp (Abyss:1)
  10 worker ants
  A killer bee zombie (D:7)
  An iguana (D:7)
  A hound skeleton (D:6)
  8 adders
  6 gnolls
  A river rat (D:4)
  2 shadow imps
  An ufetubus (Abyss:1)
  2 adder skeletons
  An adder zombie (D:6)
  2 worms
  40 orcs
  5 ball pythons
  11 hobgoblins
  13 jackals
  2 quokkas
  8 bats
  12 giant cockroaches
  4 giant geckos
  A giant gecko zombie (D:6)
  6 giant newts
  6 goblins
  12 kobolds
  2 quokka zombies
  10 rats
226 creatures vanquished.

Notes
Turn   | Place    | Note
--------------------------------------------------------------
     0 | D:1      | pk666 the Minotaur Berserker began the quest for the Orb.
     0 | D:1      | Reached XP level 1. HP: 19/19 MP: 0/0
   263 | D:1      | Reached XP level 2. HP: 12/27 MP: 1/1
   519 | D:1      | Reached skill level 4 in Axes
   666 | D:1      | Reached ** piety under Trog
   756 | D:2      | Reached XP level 3. HP: 10/34 MP: 2/2
  1492 | D:2      | Reached XP level 4. HP: 33/41 MP: 3/3
  1586 | D:2      | Noticed Terence
  1590 | D:2      | Reached skill level 5 in Fighting
  1898 | D:2      | Killed Terence
  2245 | D:3      | Reached *** piety under Trog
  2453 | D:3      | Noticed Jessica
  2458 | D:3      | Reached XP level 5. HP: 43/48 MP: 4/4
  2464 | D:3      | Killed Jessica
  2464 | D:3      | Reached skill level 5 in Axes
  2599 | D:3      | Found a glowing silver altar of Zin.
  3319 | D:4      | Reached skill level 6 in Fighting
  3334 | D:4      | Reached XP level 6. HP: 47/57 MP: 5/5
  3649 | D:4      | Found a glowing drain.
  3667 | Sewer    | Entered a sewer
  3706 | Sewer    | Noticed Purgy
  3715 | Sewer    | Killed Purgy
  3853 | Sewer    | Reached **** piety under Trog
  3954 | D:4      | Reached XP level 7. HP: 64/64 MP: 6/6
  4036 | D:4      | Found Nyworpha's Weapon Shoppe.
  4187 | D:4      | Noticed Blork the orc
  4262 | D:4      | Reached skill level 7 in Fighting
  4366 | D:4      | Killed Blork the orc
  4462 | D:4      | Reached skill level 5 in Armour
  4736 | D:5      | Entered Level 5 of the Dungeon
  4905 | D:5      | Found a glowing golden altar of the Shining One.
  5053 | D:5      | Found a shadowy altar of Dithmenos.
  5185 | D:5      | Reached skill level 8 in Fighting
  5185 | D:5      | Reached XP level 8. HP: 71/74 MP: 7/7
  5817 | D:6      | Reached ***** piety under Trog
  5976 | D:6      | Got a fine leather armour
  5987 | D:6      | Identified the +0 leather armour of Absolutism {+Inv Str+4 Dex+2} (You found it on level 6 of the Dungeon)
  6379 | D:6      | Reached skill level 9 in Fighting
  6639 | D:6      | Found Afiffeah's Jewellery Shop.
  6684 | D:6      | Found a sacrificial altar of Ru.
  6709 | D:6      | Found a staircase to the Ecumenical Temple.
  6768 | Temple   | Entered the Ecumenical Temple
  7117 | D:6      | Reached XP level 9. HP: 51/84 MP: 8/8
  7554 | D:6      | Reached skill level 10 in Axes
  7642 | D:7      | Reached skill level 10 in Fighting
  7649 | D:7      | Found an opulent altar of Gozag.
  8032 | D:7      | Found a shadowy altar of Dithmenos.
  8145 | D:7      | Found Rowni's Gadget Emporium.
  8515 | D:8      | Found a staircase to the Lair.
  8692 | D:8      | Reached skill level 11 in Axes
  9090 | D:8      | Cast into the Abyss (orc wizard)
  9121 | Abyss:1  | Got a pair of brightly glowing boots
  9196 | Abyss:1  | Noticed a demonic crawler
  9203 | Abyss:1  | Slain by a demonic crawler

Vault maps used:
D:1:      mrwooster_arrival_statue_3
D:2:      uniq_terence
D:3:      zin_treasury, first_bread, uniq_jessica
D:4:      serial_shops, nicolae_shop_waterfront, serial_co_window_serial,
          co_window_cross_1, co_window_corner_a, co_window_paths_b,
          co_window_paths_a, co_window_corner_a, co_window_cross_2,
          co_window_of_opportunity_b, co_window_corner_cb, co_window_paths_c,
          glass_columns_a, glass_columns_a, portal_sewer_entry_b,
          uniq_blork_the_orc
D:5:      lemuel_doored_altar, minmay_liquid_box, minmay_misc_feat_nine_boxes,
          minmay_misc_feat_pillars, minmay_misc_feat_four_crosses,
          minmay_item_behind_shaft, tso_metal_star
D:6:      minmay_temple_entry_mist, serial_shops, kennysheep_mini,
          nicolae_ru_path_of_blood
D:7:      grunt_gozag_breadcrumbs, serial_shops, shop,
          grunt_dithmenos_smoke_and_mirrors
D:8:      lair_0_dummy
Temple:   hc_temple_tempest_star
Sewer:    kennysheep_door_sewer

Action                   |  1- 3 |  4- 6 |  7- 9 || total
-------------------------+-------+-------+-------++-------
Melee: Hand axe          |    71 |       |       ||    71
       War axe           |    15 |   119 |   293 ||   427
Invok: Berserk           |     1 |     1 |     4 ||     6
  Use: Scroll            |       |     7 |       ||     7
  Eat: Chunk             |     3 |     9 |    22 ||    34
